AoeStats
← Nilenwo

Arabia

509736131Analyzed
3v3 RM · 4d ago on Sep 27, 2026· 42m 41s· 6 players
Game mode
Random Map
Map size
Normal (6 player)
Population
200
Speed
Normal
Resources
Standard
Victory
Conquest
Starting age
Dark Age
Ending age
Imperial Age
RankedLock teamsTeams togetherTeam positionsShared explorationLock speedFull tech treeHidden civsTurbo modeCheats
Victory
Defeat
🇫🇷 Magyars · France
762
+13
🇫🇷 Britons · France
704
+15
🇫🇷 Vietnamese · France
671
+17
🇩🇪 Mongols · Germany
705
-16
🇲🇽 Bohemians · Mexico
686
-24
🇹🇷 Franks · Türkiye
675
-14
Oscar Romaci
12:33 Feudal Age
13:01 Double-Bit Axe
18:35 Wheelbarrow
27:43 Castle Age
27:34 Fletching
27:45 Padded Archer Armor
34:47 Bow Saw
38:34 Loom
42:30 Hand Cart
42:24 Arson
oguayd
10:58 Feudal Age
9:14 Loom
12:45 Wheelbarrow
11:57 Double-Bit Axe
15:57 Gold Mining
15:58 Stone Mining
25:47 Arson
BiTTensor
11:08 Feudal Age
12:49 Wheelbarrow
11:57 Horse Collar
12:05 Double-Bit Axe
12:53 Loom
17:18 Gold Mining
19:43 Castle Age
19:50 Stone Mining
20:24 Heavy Plow
21:54 Bow Saw
25:10 Pikeman
25:53 Scale Mail Armor
Dubleb20
4:15 Loom
11:25 Feudal Age
12:36 Double-Bit Axe
24:39 Castle Age
22:58 Padded Archer Armor
25:49 Scale Barding Armor
27:07 Crossbowman
27:53 Thumb Ring
Nilenwo
12:18 Feudal Age
17:36 Castle Age
16:04 Double-Bit Axe
19:00 Scale Barding Armor
19:47 Wheelbarrow
18:39 Light Cavalry
24:51 Hand Cart
25:58 Town Watch
29:49 Crossbowman
35:37 Ballistics
39:00 Imperial Age
39:26 Arbalester
39:31 Man-at-Arms
39:57 Gambesons
39:37 Pikeman
40:33 Husbandry
39:54 Cavalier
41:21 Long Swordsman
41:23 Halberdier
42:10 Scale Mail Armor
42:21 Two-Handed Swordsman
42:26 Elite Skirmisher
43:12 Padded Archer Armor
43:06 Fletching
JAQUY
7:32 Loom
10:10 Feudal Age
10:36 Double-Bit Axe
13:57 Scale Barding Armor
15:35 Wheelbarrow
21:46 Castle Age
21:44 Bloodlines
21:30 Fletching
22:54 Husbandry
25:29 Bow Saw
25:04 Horse Collar
25:22 Gold Mining
25:24 Stone Mining
28:15 Light Cavalry
29:25 Padded Archer Armor
30:32 Thumb Ring
30:53 Ballistics
45:38 Imperial Age
Connection lost

Rejoining the realm…

Still unreachable

The connection could not be restored.

Session expired

The server has moved on; the page needs a fresh start.